 Dungeon Crawl Stone Soup version 0.22-a0-348-gd16d139 (webtiles) character file.

2443 grizmgrazm2 the Slinger (level 9, 0/59 HPs)
             Began as a Deep Dwarf Earth Elementalist on Apr 8, 2018.
             Was an Initiate of Makhleb.
             Slain by a gnoll sergeant
             ... wielding a +1 spear of distortion
              (15 damage)
             ... on level 6 of the Dungeon.
             The game lasted 00:39:19 (9688 turns).

grizmgrazm2 the Slinger (DDEE)                      Turns: 9688, Time: 00:39:21

Health: 0/59       AC: 11    Str: 13 (14) XL:     9   Next: 25%
Magic:  1/7        EV: 16    Int: 14 (15) God:    Makhleb [......]
Gold:   282        SH:  5    Dex: 13      Spells: 3/13 levels left

rFire    . . .     SeeInvis .   o - +5 rapier of Cruel Justice {holy, rElec Str+4}
rCold    . . .     Gourm    .   l - +0 buckler
rNeg     . . .     Faith    .   q - +3 leather armour {rPois}
rPois    +         Spirit   .   s - +2 helmet
rElec    +         Reflect  .   r - +2 cloak
rCorr    .         Harm     .   (no gloves)
MR       +....     Rnd*Rage +   w - +0 pair of boots Stlth ++........Rnd*Tele +
                                (no amulet)
HPRegen  0.00/turn              v - +3 ring of evasion
MPRegen  0.10/turn              j - +2 ring of strength

@: berserk cooldown, non-regenerating, slowed, very slow
A: damage resistance, heal wounds, [berserk 3], [blurry vision 2], [deformed
body], [deterioration 2], [dopey 2], [frail 2], [low mp 3], sense surroundings
2, [teleportitis 2], [weak 2], [no potion heal 2], no regeneration
a: Heal Wounds, Renounce Religion


You were on level 6 of the Dungeon.
You worshipped Makhleb.
Makhleb was noncommittal.
You were hungry.

You visited 2 branches of the dungeon, and saw 7 of its levels.
You visited the Abyss 1 time.

You collected 282 gold pieces.

Inventory:

Hand Weapons
 a - a +1 short sword of speed
 k - a +0 hunting sling
 n - a +0 dagger of holy wrath
 o - the +5 rapier of Cruel Justice (weapon) {holy, rElec Str+4}
   (You found it on level 4 of the Dungeon)

   It has been blessed by the Shining One to cause great damage to the undead
   and demons.
   It affects your strength (+4).
   It insulates you from electricity.
Missiles
 m - 72 stones (quivered)
 p - 29 sling bullets
Armour
 l - a +0 buckler (worn)
 q - a +3 leather armour of poison resistance (worn)
 r - a +2 cloak (worn)
 s - a +2 helmet (worn)
 w - a +0 pair of boots (worn)
Jewellery
 j - a +2 ring of strength (right hand)
 v - a +3 ring of evasion (left hand)
Wands
 c - a wand of paralysis (8)
 t - a wand of polymorph (12)
 u - a wand of disintegration (20)
Scrolls
 e - a scroll of blinking
 g - 8 scrolls of remove curse
 h - 2 scrolls of magic mapping
 x - a scroll of immolation {unknown}
Potions
 b - 2 potions of brilliance
 i - a potion of berserk rage
Comestibles
 d - 6 rations


   Skills:
 - Level 2.7 Fighting
 + Level 10.9 Slings
 - Level 3.5 Dodging
 - Level 2.4 Stealth
 - Level 4.1 Shields
 - Level 2.6 Spellcasting
 - Level 1.9 Transmutations
 - Level 5.4 Earth Magic


You had 3 spell levels left.
You knew the following spells:

 Your Spells              Type           Power        Failure   Level  Hunger
a - Sandblast             Erth           ###...       3%          1    #......
b - Stone Arrow           Conj/Erth      #.....       28%         3    ###....
c - Petrify               Tmut/Erth      ##......     52%         4    #####..
d - Passwall              Tmut/Erth      ##........   10%         2    ###....


Dungeon Overview and Level Annotations

Branches:
Dungeon (6/15)             Temple (1/1) D:6

Altars:
Dithmenos
Elyvilon
Fedhas
Gozag
Kikubaaqudgha
Makhleb
Nemelex Xobeh
Sif Muna
Trog
Uskayaw
Vehumet
Wu Jian
Yredelemnul
The Shining One


Innate Abilities, Weirdness & Mutations

You are resistant to damage.
You can heal yourself by infusing magical energy.
You passively map the area around you.
You do not regenerate.
[You have an uncontrollable temper.]
[Scrolls take you longer to read.]
[Armour fits poorly on your strangely shaped body.]
[Your body often deteriorates upon taking damage.]
[You are very dopey. (Int -4)]
[You are very frail. (-20% HP)]
[Your magical capacity is extremely low. (-30% MP)]
[You are sometimes teleported next to monsters.]
[You are very weak. (Str -4)]
[Potions are poor at restoring your health.]


Message History

* * * LOW HITPOINT WARNING * * *
Space bends around you. The gnoll hits you but does no damage.
The gnoll misses you. The gnoll sergeant misses you.
You block the gnoll's attack. The gnoll barely misses you. x2
You feel much better. The gnoll sergeant closely misses you.
The gnoll completely misses you.
The gnoll hits you from afar with a spear.
The gnoll barely misses you.
The gnoll sergeant hits you but does no damage.
Space warps horribly around you!
* * * LOW HITPOINT WARNING * * *
Your body deteriorates!
You feel weakened. The gnoll sergeant blocks your attack.
The gnoll sergeant is severely wounded.
The gnoll closely misses you. You block the gnoll's attack.
The gnoll barely misses you. The gnoll sergeant misses you.
The gnoll closely misses you. x2; The gnoll hits you but does no damage.
The gnoll sergeant hits you but does no damage.
Space warps horribly around you!
You die...

......##.................(.......
.................................
.................................
..#####...#......................
### ######..................... #
##....................
#.....................
#.###.gg..............
#.###@###.............
#.#..g..#.............
#.#.)g..#.............
#.#.....#.g...........
#.'..>..#....g........
###.....####....#..... #.....#
#...###.... #.....# ###...##...)
####### #/....#.....


You could see a gnoll sergeant and 3 gnolls.

Vanquished Creatures
  Grinder (D:3)
  Sigmund (D:5)
  Eustachio (D:3)
  3 ice beasts
  A phantom (D:2)
  3 ogres
  A centaur (D:5)
  Blork the orc (D:4)
  2 bullfrogs
  A small abomination (Abyss:1)
  2 scorpions
  A bullfrog zombie (D:5)
  A centaur zombie (D:6)
  3 orc wizards
  2 orc priests
  3 hounds
  An iguana (D:6)
  Jessica (D:3)
  A centaur skeleton (D:4)
  Ijyb (D:5)
  3 worker ants
  Terence (D:3)
  A hound zombie (D:5)
  The ghost of iamserjio the Ducker, a weakling OpMo (D:4)
  A hound skeleton (D:6)
  2 worker ant zombies (D:5)
  Robin (D:5)
  9 gnolls
  9 adders
  An ooze (D:2)
  2 adder skeletons (D:5)
  6 worms
  4 dart slugs
  2 leopard geckos (D:5)
  20 orcs
  9 giant cockroaches
  11 goblins
  7 hobgoblins
  8 jackals
  8 kobolds
  5 quokkas
  A ball python (D:5)
  8 bats
  4 frilled lizards
  A jackal skeleton (D:5)
  A leopard gecko skeleton (D:4)
  A quokka skeleton (D:5)
  7 rats
165 creatures vanquished.

Vanquished Creatures (others)
  Crazy Yiuf (D:5)
1 creature vanquished.

Grand Total: 166 creatures vanquished

Notes
Turn   | Place    | Note
-------+----------+-------------------------------------------
     0 | D:1      | grizmgrazm2 the Deep Dwarf Earth Elementalist began the quest for the Orb.
     0 | D:1      | Reached XP level 1. HP: 15/15 MP: 3/3
   278 | D:1      | Reached XP level 2. HP: 24/24 MP: 1/4
   854 | D:1      | Reached skill level 1 in Fighting
  1160 | D:2      | Found a sparkling altar of Nemelex Xobeh.
  1260 | D:2      | Reached XP level 3. HP: 29/31 MP: 2/6
  1264 | D:2      | Learned a level 2 spell: Passwall
  1361 | D:2      | Noticed Robin
  1539 | D:2      | Reached skill level 1 in Transmutations
  1786 | D:2      | Found a basalt altar of Yredelemnul.
  1902 | D:2      | Reached XP level 4. HP: 29/38 MP: 3/7
  1908 | D:2      | Learned a level 4 spell: Petrify
  2420 | D:2      | Reached skill level 5 in Earth Magic
  2463 | D:2      | Found a deep blue altar of Sif Muna.
  2739 | D:2      | Reached skill level 1 in Slings
  2863 | D:3      | Noticed Grinder
  2870 | D:3      | Killed Grinder
  2870 | D:3      | Reached XP level 5. HP: 38/46 MP: 4/8
  2870 | D:3      | Reached XP level 6. HP: 46/55 MP: 4/9
  2880 | D:3      | Learned a level 3 spell: Stone Arrow
  3098 | D:3      | Noticed Terence
  3105 | D:3      | Killed Terence
  3105 | D:3      | Reached skill level 1 in Shields
  3536 | D:3      | Noticed Jessica
  3540 | D:3      | Killed Jessica
  4488 | D:4      | Noticed iamserjio's ghost (weakling OpMo)
  4578 | D:3      | Reached XP level 7. HP: 41/61 MP: 0/10
  4596 | D:3      | Reached skill level 2 in Slings
  4826 | D:4      | Noticed Eustachio
  4862 | D:3      | Killed Eustachio
  4862 | D:3      | Reached skill level 3 in Slings
  5042 | D:2      | Reached skill level 4 in Slings
  5289 | D:4      | Noticed Blork the orc
  5371 | D:4      | Killed Blork the orc
  5371 | D:4      | Reached skill level 5 in Slings
  5983 | D:4      | Killed iamserjio's ghost
  6200 | D:4      | Reached skill level 6 in Slings
  6200 | D:4      | Reached XP level 8. HP: 37/68 MP: 0/11
  6640 | D:4      | Got a translucent rapier
  6643 | D:4      | Identified the +5 rapier of Cruel Justice {holy, rElec Str+4} (You found it on level 4 of the Dungeon)
  6671 | D:5      | Entered Level 5 of the Dungeon
  6682 | D:4      | Reached skill level 7 in Slings
  7019 | D:5      | Noticed Ijyb
  7049 | D:5      | Killed Ijyb
  7049 | D:5      | Reached skill level 8 in Slings
  7097 | D:5      | Killed Robin
  7406 | D:5      | Reached skill level 9 in Slings
  7879 | D:5      | Noticed Sigmund
  8032 | D:5      | Killed Sigmund
  8102 | D:5      | Found an opulent altar of Gozag.
  8346 | D:5      | Found a runed door.
  8350 | D:5      | Noticed Crazy Yiuf
  8351 | D:5      | Cast into level 1 of the Abyss (Crazy Yiuf)
  8379 | Abyss:1  | Found a corrupted altar of Lugonu.
  8400 | Abyss:1  | Reached skill level 10 in Slings
  8400 | Abyss:1  | Gained mutation: You passively map the area around you. [Deep Dwarf growth]
  8400 | Abyss:1  | Reached XP level 9. HP: 44/74 MP: 4/11
  8431 | Abyss:1  | Noticed a worldbinder
  8439 | Abyss:1  | Noticed a wretched star
  8452 | D:5      | Escaped the Abyss
  8841 | D:5      | Killed Crazy Yiuf
  9042 | D:6      | Got a twisted robe
  9068 | D:6      | Identified the cursed +0 robe "Wotoitaj" {-Cast Dex+3} (You found it on level 6 of the Dungeon)
  9226 | D:6      | Found a staircase to the Ecumenical Temple.
  9233 | Temple   | Entered the Ecumenical Temple
  9246 | Temple   | Became a worshipper of Makhleb the Destroyer
  9688 | D:6      | Slain by a gnoll sergeant

Vault maps used:
D:1:      lightli_arrival_isolated_outpost
D:2:      kennysheep_six_static_rooms, lemuel_crystal_altar,
          nemelex_xobeh_ov_fountains_minmay, nicolae_overflow_crystal_walls,
          uniq_robin
D:3:      nrook_mini_backslash, uniq_terence, uniq_grinder, uniq_jessica
D:4:      first_ration, lemuel_another_geyser, uniq_eustachio,
          uniq_blork_the_orc
D:5:      st_stairs_1, nicolae_gozag_cash_rules_everything_around_me,
          uniq_crazy_yiuf_cottage, uniq_ijyb, uniq_sigmund
D:6:      nicolae_qazlal_eye_of_the_storm, zin_treasury, temple_green,
          serial_glass, glass_columns_a, glass_columns_c, glass_columns_c,
          glass_columns_a, glass_columns_a, glass_columns_a
Temple:   eino_temple_lava

Skill      XL: |  1  2  3  4  5  6  7  8 |
---------------+-------------------------+-----
Spellcasting   | 2 |  2.6
Fighting       | 1 2 |  2.7
Transmutations | 1 |  1.9
Earth Magic    | 5 |  5.4
Dodging        | 3 |  3.5
Slings         | 1 6 10 | 10.9
Shields        | 4 |  4.1
Stealth        | |  2.4

Action                   |  1- 3 |  4- 6 |  7- 9 || total
-------------------------+-------+-------+-------++-------
Melee: Unarmed           |     2 |       |       ||     2
       Dagger            |       |     1 |     2 ||     3
       Rapier            |       |       |   187 ||   187
 Fire: Hunting sling     |    21 |   108 |    95 ||   224
 Cast: Sandblast         |    67 |    83 |       ||   150
       Stone Arrow       |       |     2 |    57 ||    59
       Petrify           |       |       |     1 ||     1
 Abil: Heal Wounds       |       |       |     8 ||     8
  Use: Scroll            |     6 |     2 |    10 ||    18
       Potion            |     1 |     2 |     4 ||     7
 Stab: Sleeping          |       |     1 |     1 ||     2
  Eat: Chunk             |     4 |     7 |     9 ||    20
       Ration            |       |     1 |     4 ||     5
Armor: Robe              |     6 |    11 |    26 ||    43
       Leather armour    |       |       |   103 ||   103
Dodge: Dodged            |    36 |    47 |   224 ||   307
Block: Buckler           |       |    11 |    72 ||    83

Table legend:
 A = Spawn XP
 B = Non-spawn XP
 C = Spawn XP percentage of total XP
 D = Spawn monster count
 E = Non-spawn monster count
 F = Spawn count percentage of total count
 G = Total turns spent on level
                    A         B        C        D         E        F      G
               +---------+---------+-------+---------+---------+-------+---------
         Total |       0 |    3490 |   0.0 |       0 |     165 |   0.0 |  9688
               +---------+---------+-------+---------+---------+-------+---------
           D:1 |       0 |      32 |   0.0 |       0 |      19 |   0.0 |  1102
           D:2 |       0 |     276 |   0.0 |       0 |      49 |   0.0 |  1909
           D:3 |       0 |     772 |   0.0 |       0 |      34 |   0.0 |  2543
           D:4 |       0 |     632 |   0.0 |       0 |      18 |   0.0 |  1543
           D:5 |       0 |    1016 |   0.0 |       0 |      31 |   0.0 |  1655
           D:6 |       0 |     655 |   0.0 |       0 |      11 |   0.0 |   702
        Temple |       0 |      28 |   0.0 |       0 |       2 |   0.0 |   133
       Abyss:1 |       0 |      79 |   0.0 |       0 |       1 |   0.0 |   101
               +---------+---------+-------+---------+---------+-------+---------
